IL
COLUMBUS CLIPPERS @ SALT LAKE BEES
08/25/2045
 
TOP OF THE 1ST
Columbus Clippers batting - Pitching for Salt Lake Bees : RHP Dave Jackson
Pitching: RHP Dave Jackson
Batting: RHB Tommy Baird 0-0: Foul Ball, location: 2F
0-1: Ball
1-1: Ball
2-1: Foul Ball, location: 2F
2-2: Ball
3-2: Strikes out swinging
Batting: RHB Jordan Diaz 0-0: Called Strike
0-1: Ball
1-1: Foul Ball, location: 2F
1-2: Strikes out swinging
Batting: LHB Norihide Takata 0-0: Called Strike
0-1: Ball
1-1: Foul Ball, location: 2F
1-2: Strikes out swinging
Top of the 1st over - 0 runs, 0 hits, 0 errors, 0 left on base; Columbus 0 - Salt Lake 0
BOTTOM OF THE 1ST
Salt Lake Bees batting - Pitching for Columbus Clippers : RHP Corey Rizzuto
Pitching: RHP Corey Rizzuto
Batting: LHB Javier Trujillo 0-0: Called Strike
0-1: Ball
1-1: DOUBLE (Flyball, 7LD, EV 115.0 MPH)
Batting: RHB Melvin Gomez 0-0: Ball
1-0: TRIPLE (Flyball, 78XD, EV 96.2 MPH)
Javier Trujillo scores
Batting: RHB Alain Delhaye 0-0: Called Strike
0-1: Ball
1-1: Foul Ball, location: 2F
1-2: Hit by Pitch
Batting: LHB Vinny Carreno 0-0: Swinging Strike
0-1: Ball
1-1: Ball
2-1: Swinging Strike
2-2: DOUBLE (Line Drive, 7LD, EV 114.4 MPH)
Melvin Gomez scores
Alain Delhaye to third
Batting: RHB Jeff Long 0-0: Ball
1-0: Ball
2-0: Ball
3-0: Ground out 4-3 (Groundball, 4, EV 76.2 MPH)
Alain Delhaye scores
Vinny Carreno to third
Batting: RHB Guillermo Mojica 0-0: Ball
1-0: Foul Ball, location: 2F
1-1: Ground out 6-3 (Groundball, 6, EV 87.5 MPH)
Vinny Carreno scores
Batting: LHB Matt Calitri 0-0: Ball
1-0: Foul Ball, location: 2F
1-1: Swinging Strike
1-2: Ball
2-2: Ball
3-2: Fly out, F6 (Flyball, 56D, EV 76.9 MPH)
Bottom of the 1st over - 4 runs, 3 hits, 0 errors, 0 left on base; Columbus 0 - Salt Lake 4
TOP OF THE 2ND
Columbus Clippers batting - Pitching for Salt Lake Bees : RHP Dave Jackson
Batting: SHB Mike Gross 0-0: Ground out 6-3 (Groundball, 6M, EV 103.1 MPH)
Batting: RHB Carlos Lopez 0-0: Foul Ball, location: 2F
0-1: Foul Ball, location: 2F
0-2: Ball
1-2: Foul Ball, location: 2F
1-2: Ball
2-2: Strikes out swinging
Batting: SHB Joe Zeiset 0-0: Called Strike
0-1: Swinging Strike
0-2: SOLO HOME RUN (Flyball, 89XD, EV 106.2 MPH), Distance : 434 ft
Batting: RHB Diwan Abdul-Salam 0-0: Ball
1-0: Called Strike
1-1: Ball
2-1: Swinging Strike
2-2: Strikes out swinging
Top of the 2nd over - 1 run, 1 hit, 0 errors, 0 left on base; Columbus 1 - Salt Lake 4
BOTTOM OF THE 2ND
Salt Lake Bees batting - Pitching for Columbus Clippers : RHP Corey Rizzuto
Batting: LHB Jorge Zermeno 0-0: Called Strike
0-1: Ball
1-1: Ball
2-1: Ball
3-1: Fly out, F7 (Flyball, 7, EV 90.6 MPH)
Batting: RHB Justin Noll 0-0: Ball
1-0: SINGLE (Groundball, 56D, EV 100.0 MPH)
Batting: LHB Javier Trujillo 0-0: Ball
1-0: Ball
2-0: Called Strike
2-1: Ball
3-1: Foul Ball, location: 2F
3-2: Foul Ball, location: 2F
3-2: Foul Ball, location: 2F
3-2: 2-RUN HOME RUN (Flyball, 9D, EV 92.5 MPH), Distance : 365 ft
Batting: RHB Melvin Gomez 0-0: Ball
1-0: Foul Ball, location: 2F
1-1: Foul Ball, location: 2F
1-2: Ball
2-2: DOUBLE (Groundball, 5L, EV 102.5 MPH)
Pitching: LHP Terry LaPlante
Batting: RHB Alain Delhaye 0-0: Called Strike
0-1: Called Strike
0-2: 2-RUN HOME RUN (Flyball, 7LD, EV 93.1 MPH), Distance : 364 ft
Batting: LHB Vinny Carreno 0-0: Ball
1-0: Ball
2-0: Called Strike
2-1: Swinging Strike
2-2: Strikes out looking
Batting: RHB Jeff Long 0-0: Called Strike
0-1: Foul Ball, location: 2F
0-2: Ball
1-2: Foul Ball, location: 2F
1-2: Ball
2-2: Foul Ball, location: 2F
2-2: Strikes out swinging
Bottom of the 2nd over - 4 runs, 4 hits, 0 errors, 0 left on base; Columbus 1 - Salt Lake 8
TOP OF THE 3RD
Columbus Clippers batting - Pitching for Salt Lake Bees : RHP Dave Jackson
Batting: LHB Doug Frampton 0-0: Called Strike
0-1: Swinging Strike
0-2: Foul Ball, location: 2F
0-2: Ball
1-2: Foul Ball, location: 2F
1-2: Ball
2-2: Ground out 6-3 (Groundball, 4MS, EV 89.4 MPH)
Batting: LHB Jeremy DiGenova 0-0: Ball
1-0: Ball
2-0: Ball
3-0: Base on Balls
Batting: RHB Tommy Baird 0-0: Ball
1-0: Foul Ball, location: 2F
1-1: Ball
2-1: Ball
3-1: Foul Ball, location: 2F
3-2: Base on Balls
Jeremy DiGenova to second
Batting: RHB Jordan Diaz 0-0: Swinging Strike
0-1: Ball
1-1: Grounds into double play, 5-4-3 (Groundball, 56S, EV 86.2 MPH)
Top of the 3rd over - 0 runs, 0 hits, 0 errors, 1 left on base; Columbus 1 - Salt Lake 8
BOTTOM OF THE 3RD
Salt Lake Bees batting - Pitching for Columbus Clippers : LHP Terry LaPlante
Batting: RHB Guillermo Mojica 0-0: Called Strike
0-1: Foul Ball, location: 2F
0-2: Ball
1-2: Ball
2-2: Ball
3-2: Foul Ball, location: 2F
3-2: Fly out, F8 (Flyball, 8RXD, EV 93.8 MPH)
Batting: LHB Matt Calitri 0-0: Swinging Strike
0-1: Ball
1-1: Ball
2-1: Ground out 4-3 (Groundball, 4, EV 98.8 MPH)
Batting: LHB Jorge Zermeno 0-0: Called Strike
0-1: Ball
1-1: Ball
2-1: Ball
3-1: Foul Ball, location: 2F
3-2: Base on Balls
Pitching: LHP Eric Larsen
Batting: RHB Justin Noll 0-0: Ball
1-0: Ground out 5-3 (Groundball, 56, EV 106.2 MPH)
Bottom of the 3rd over - 0 runs, 0 hits, 0 errors, 1 left on base; Columbus 1 - Salt Lake 8
TOP OF THE 4TH
Columbus Clippers batting - Pitching for Salt Lake Bees : RHP Dave Jackson
Batting: LHB Norihide Takata 0-0: Ball
1-0: Fly out, F8 (Flyball, 8RS, EV 93.8 MPH)
Batting: SHB Mike Gross 0-0: Ball
1-0: Called Strike
1-1: Foul Ball, location: 2F
1-2: Strikes out swinging
Batting: RHB Carlos Lopez 0-0: Foul Ball, location: 2F
0-1: Foul Ball, location: 2F
0-2: Foul Ball, location: 2F
0-2: Ball
1-2: Foul Ball, location: 2F
1-2: Foul Ball, location: 2F
1-2: Ball
2-2: SINGLE (Groundball, 6MD, EV 97.5 MPH)
Batting: SHB Joe Zeiset 0-0: Ball
1-0: Called Strike
Carlos Lopez steals 2nd base
1-1: Ball
2-1: Ball
3-1: Swinging Strike
3-2: Foul Ball, location: 2F
3-2: Strikes out swinging
Top of the 4th over - 0 runs, 1 hit, 0 errors, 1 left on base; Columbus 1 - Salt Lake 8
BOTTOM OF THE 4TH
Salt Lake Bees batting - Pitching for Columbus Clippers : LHP Eric Larsen
Batting: LHB Javier Trujillo 0-0: Called Strike
0-1: Foul Ball, location: 2F
0-2: Ground out U3 (Groundball, 34S, EV 91.9 MPH)
Batting: RHB Melvin Gomez 0-0: Foul Ball, location: 2F
0-1: Ball
1-1: Ball
2-1: Ball
3-1: Swinging Strike
3-2: Foul Ball, location: 2F
3-2: Strikes out swinging
Batting: RHB Alain Delhaye 0-0: Ball
1-0: Ball
2-0: Ball
3-0: Called Strike
3-1: Foul Ball, location: 2F
3-2: Foul Ball, location: 2F
3-2: Foul Ball, location: 2F
3-2: Foul Ball, location: 2F
3-2: Strikes out swinging
Bottom of the 4th over - 0 runs, 0 hits, 0 errors, 0 left on base; Columbus 1 - Salt Lake 8
TOP OF THE 5TH
Columbus Clippers batting - Pitching for Salt Lake Bees : RHP Dave Jackson
Batting: RHB Diwan Abdul-Salam 0-0: Ball
1-0: Foul Ball, location: 2F
1-1: Called Strike
1-2: Fly out, F8 (Flyball, 8RM, EV 90.6 MPH)
Batting: LHB Doug Frampton 0-0: Swinging Strike
0-1: Foul Ball, location: 2F
0-2: Ball
1-2: Ball
2-2: Ball
3-2: Base on Balls
Batting: LHB Jeremy DiGenova 0-0: Swinging Strike
0-1: Ball
1-1: Fielders Choice at 2nd, 3-6 (Groundball, 3, EV 87.5 MPH)
Batting: RHB Tommy Baird 0-0: Swinging Strike
0-1: Foul Ball, location: 2F
0-2: Ball
1-2: Fielders Choice at 2nd, 5-4 (Groundball, 56, EV 90.6 MPH)
Top of the 5th over - 0 runs, 0 hits, 0 errors, 1 left on base; Columbus 1 - Salt Lake 8
BOTTOM OF THE 5TH
Salt Lake Bees batting - Pitching for Columbus Clippers : LHP Eric Larsen
Pitching: RHP Jon Samer
Batting: LHB Vinny Carreno 0-0: SOLO HOME RUN (Flyball, 89XD, EV 98.8 MPH), Distance : 411 ft
Batting: RHB Jeff Long 0-0: Foul Ball, location: 2F
0-1: Ball
1-1: Ground out 3-1 (Groundball, 34S, EV 62.5 MPH)
Batting: RHB Guillermo Mojica 0-0: Called Strike
0-1: Ball
1-1: Fly out, F9 (Flyball, 9LD, EV 91.2 MPH)
Batting: LHB Matt Calitri 0-0: Swinging Strike
0-1: Ground out 6-3 (Groundball, 6, EV 90.0 MPH)
Bottom of the 5th over - 1 run, 1 hit, 0 errors, 0 left on base; Columbus 1 - Salt Lake 9
TOP OF THE 6TH
Columbus Clippers batting - Pitching for Salt Lake Bees : RHP Dave Jackson
Batting: RHB Jordan Diaz 0-0: SINGLE (Line Drive, 9S, EV 106.2 MPH)
Batting: LHB Norihide Takata 0-0: Called Strike
Jordan Diaz steals 2nd, throwing error, E2
Jordan Diaz to third
0-1: Ball
1-1: Ball
2-1: Swinging Strike
2-2: Ball
3-2: Base on Balls
Batting: SHB Mike Gross 0-0: Ball
1-0: Foul Ball, location: 2F
1-1: Called Strike
Norihide Takata steals 2nd base (no throw)
1-2: Ball
2-2: Foul Ball, location: 2F
2-2: Foul Ball, location: 2F
2-2: Foul Ball, location: 2F
2-2: Ball
3-2: Strikes out swinging
Pitching: RHP Jake Bruen
Batting: RHB Carlos Lopez 0-0: Called Strike
0-1: Ball
1-1: Foul Ball, location: 2F
1-2: Strikes out swinging
Batting: SHB Joe Zeiset 0-0: Called Strike
0-1: Foul Ball, location: 2F
0-2: SINGLE (Line Drive, 78S, EV 103.8 MPH)
Jordan Diaz scores
Norihide Takata to third
Runner from 3rd tries for Home, SAFE, throw by CF to home
Batting: RHB Diwan Abdul-Salam 0-0: Called Strike
Joe Zeiset steals 2nd base
0-1: Ball
1-1: Swinging Strike
1-2: Strikes out swinging
Top of the 6th over - 2 runs, 2 hits, 1 error, 1 left on base; Columbus 3 - Salt Lake 9
BOTTOM OF THE 6TH
Salt Lake Bees batting - Pitching for Columbus Clippers : RHP Jon Samer
Batting: LHB Jorge Zermeno 0-0: Ball
1-0: Ball
2-0: Called Strike
2-1: Called Strike
2-2: Strikes out swinging
Batting: RHB Justin Noll 0-0: Foul Ball, location: 2F
0-1: Foul Ball, location: 2F
0-2: Ball
1-2: Ball
2-2: Strikes out swinging
Pitching: RHP Risto Pandev
Batting: LHB Javier Trujillo 0-0: Called Strike
0-1: Ball
1-1: Ground out 6-3 (Groundball, 56, EV 84.4 MPH)
Bottom of the 6th over - 0 runs, 0 hits, 0 errors, 0 left on base; Columbus 3 - Salt Lake 9
TOP OF THE 7TH
Columbus Clippers batting - Pitching for Salt Lake Bees : RHP Jake Bruen
Batting: LHB Doug Frampton 0-0: Ball
1-0: Ball
2-0: Ball
3-0: Base on Balls
Batting: LHB Jeremy DiGenova 0-0: Foul Ball, location: 2F
0-1: Ball
1-1: Called Strike
1-2: Foul Ball, location: 2F
1-2: Foul Ball, location: 2F
1-2: Strikes out looking
Batting: RHB Tommy Baird 0-0: Called Strike
0-1: Ball
1-1: Swinging Strike
1-2: Ball
2-2: Foul Ball, location: 2F
2-2: Foul Ball, location: 2F
2-2: Foul Ball, location: 2F
2-2: Strikes out swinging
Batting: RHB Jordan Diaz 0-0: Swinging Strike
0-1: Ball
1-1: Ball
2-1: Foul Ball, location: 2F
2-2: Fly out, F1 (Line Drive, P, EV 76.2 MPH)
Top of the 7th over - 0 runs, 0 hits, 0 errors, 1 left on base; Columbus 3 - Salt Lake 9
BOTTOM OF THE 7TH
Salt Lake Bees batting - Pitching for Columbus Clippers : RHP Risto Pandev
Batting: RHB Melvin Gomez 0-0: Foul Ball, location: 2F
0-1: Ball
1-1: Ball
2-1: Foul Ball, location: 2F
2-2: Ball
3-2: Base on Balls
Batting: RHB Alain Delhaye 0-0: Ball
1-0: Fielders Choice at 2nd, 6-4 (Groundball, 56, EV 85.6 MPH)
Batting: LHB Vinny Carreno 0-0: Called Strike
0-1: Swinging Strike
0-2: Ball
1-2: Ball
2-2: Foul Ball, location: 2F
2-2: Foul Ball, location: 2F
2-2: Foul Ball, location: 2F
2-2: Fielders Choice at 2nd, 2-6 (Groundball, 2R, EV 62.5 MPH)
Pitching: RHP John Morrison
Batting: RHB Jeff Long 0-0: Called Strike
0-1: SINGLE (Line Drive, 8LS, EV 103.8 MPH)
Vinny Carreno to second
Batting: RHB Guillermo Mojica 0-0: Called Strike
0-1: Swinging Strike
0-2: Strikes out swinging
Bottom of the 7th over - 0 runs, 1 hit, 0 errors, 2 left on base; Columbus 3 - Salt Lake 9
TOP OF THE 8TH
Columbus Clippers batting - Pitching for Salt Lake Bees : RHP Jake Bruen
Pitching: RHP Alberto Pickett
Batting: LHB Norihide Takata 0-0: Ball
1-0: Called Strike
1-1: Called Strike
1-2: Strikes out swinging
Batting: SHB Mike Gross 0-0: Ball
1-0: Ball
2-0: Swinging Strike
2-1: Swinging Strike
2-2: Foul Ball, location: 2F
2-2: Strikes out swinging
Batting: RHB Carlos Lopez 0-0: Ball
1-0: Ball
2-0: Ball
3-0: Called Strike
3-1: Called Strike
3-2: SOLO HOME RUN (Flyball, 7D, EV 103.1 MPH), Distance : 379 ft
Batting: SHB Joe Zeiset 0-0: Swinging Strike
0-1: Foul Ball, location: 2F
0-2: Strikes out swinging
Top of the 8th over - 1 run, 1 hit, 0 errors, 0 left on base; Columbus 4 - Salt Lake 9
BOTTOM OF THE 8TH
Salt Lake Bees batting - Pitching for Columbus Clippers : RHP John Morrison
Batting: LHB Matt Calitri 0-0: Ball
1-0: Called Strike
1-1: Swinging Strike
1-2: SINGLE (Flyball, 5D, EV 91.2 MPH)
Batting: LHB Jorge Zermeno 0-0: Ball
1-0: Ball
2-0: Ball
3-0: Base on Balls
Matt Calitri to second
Batting: RHB Justin Noll 0-0: Ball
1-0: Ball
2-0: Foul Ball, location: 2F
2-1: Grounds into double play, 6-4-3 (Groundball, 6, EV 83.1 MPH)
Matt Calitri to third
Batting: LHB Javier Trujillo 0-0: Ball
1-0: Ground out 4-3 (Groundball, 4, EV 105.6 MPH)
Bottom of the 8th over - 0 runs, 1 hit, 0 errors, 1 left on base; Columbus 4 - Salt Lake 9
TOP OF THE 9TH
Columbus Clippers batting - Pitching for Salt Lake Bees : RHP Alberto Pickett
Batting: RHB Diwan Abdul-Salam 0-0: Ground out 5-3 (Groundball, 56S, EV 84.4 MPH)
Batting: LHB Doug Frampton 0-0: Swinging Strike
0-1: Foul Ball, location: 2F
0-2: Strikes out swinging
Batting: LHB Jeremy DiGenova 0-0: Ball
1-0: Called Strike
1-1: Called Strike
1-2: Ground out 6-3 (Groundball, 6, EV 84.4 MPH)
Top of the 9th over - 0 runs, 0 hits, 0 errors, 0 left on base; Columbus 4 - Salt Lake 9
Wednesday, June 22nd , 2022 - OOTP Baseball 23.4 Build 64